[Event "FRA-ch Teams Top 16-A 2022"]
[Site "Chartres"]
[Date "2022.06.10"]
[Round "2.10"]
[White "Fressinet, Laurent"]
[Black "Ganguly, Surya Shekhar"]
[Result "1/2-1/2"]
[ECO "D41"]
[WhiteElo "2630"]
[BlackElo "2616"]
[Annotator "TA"]
[PlyCount "44"]
[EventDate "2022.06.09"]
[EventType "team-tourn"]
[EventCountry "FRA"]
[SourceTitle "playchess.com"]
[Source "ChessBase"]
[SourceQuality "1"]
[TimeControl "40/5400+30:1800+30"]

1. d4 Nf6 2. Nf3 d5 3. c4 e6 4. Nc3 c5 5. cxd5 Nxd5 6. e4 Nxc3 7. bxc3 cxd4 8. cxd4 Bb4+ 9. Bd2 Bxd2+ 10. Qxd2 O-O 11. Bc4 Nd7 12. O-O b6 13. Rad1 Bb7 14. Rfe1 {[%emt 0:00:06] The position is equal.} Rc8 {[%emt 0:00:24] D41: Queen's Gambit Declined: Semi-Tarrasch with 5 cxd5.} 15. Bb3 h6 16. h3 Nf6 17. Qf4 Qc7 18. Ne5 Nd7 19. Nd3 Qxf4 20. Nxf4 Rfe8 21. f3 {[%emt 0:04:43] [#]} b5 $146 ({Predecessor:} 21... Kf8 22. Kf2 b5 23. Rc1 Nb6 24. Ke3 a5 25. a3 Ke7 26. Nd3 Nd7 27. h4 g5 {½-½ (38) Yuan,Q (2373)-Grigoriants,S (2542) Chess.com INT 2020}) 22. a4 bxa4 {[%emt 0:03:48] A balanced but interesting game.  Weighted Error Value: White=0.05 (flawless) /Black=0.02 (flawless)} 1/2-1/2

[Event "FRA-ch Teams Top 16-A 2022"]
[Site "Chartres"]
[Date "2022.06.10"]
[Round "2.11"]
[White "Visakh N R"]
[Black "Rodshtein, Maxim"]
[Result "1/2-1/2"]
[ECO "D85"]
[WhiteElo "2506"]
[BlackElo "2588"]
[Annotator "TA"]
[PlyCount "85"]
[EventDate "2022.06.09"]
[EventType "team-tourn"]
[EventCountry "FRA"]
[SourceTitle "playchess.com"]
[Source "ChessBase"]
[SourceQuality "1"]
[TimeControl "40/5400+30:1800+30"]

1. d4 Nf6 2. c4 g6 3. Nc3 d5 4. cxd5 Nxd5 5. e4 Nxc3 6. bxc3 Bg7 7. Nf3 c5 8. Bb5+ Nc6 $1 {[%emt 0:03:09] The main line 8...Nc6 scores better than 8...Bd7.} 9. d5 {[%emt 0:15:58] D85: Exchange Grünfeld: Unusual White 7th moves and lines with 7 Nf3.} Qa5 10. Rb1 Bxc3+ 11. Bd2 $1 a6 12. Bxc6+ bxc6 13. dxc6 Be6 14. Rc1 Bb4 {[%emt 0:05:11] This bishop pair is nice.} 15. O-O $132 {[%emt 0:03:36][%mdl 2048] White is not keeping still} O-O {[%emt 0:08:32] [#]} 16. Bxb4 $146 ({Predecessor:} 16. Bf4 Rfc8 17. c7 Qxa2 18. Ra1 Qb3 19. Qc1 f6 20. Rb1 Qd3 21. e5 a5 22. Rd1 {½-½ (33) Tarasov,A-Kudryavtsev,Y ICCF email 2009}) 16... cxb4 17. Qd2 Rfd8 18. Qb2 (18. Qh6 $11 {keeps the balance.} f6 19. e5 (19. c7 Rdc8 $15)) 18... Rac8 $17 19. Rc2 Rd3 (19... Rd6 $17) 20. Nd4 {[%emt 0:23:42] [#]} (20. Rfc1 $1 $11) 20... Bxa2 $1 21. Qxa2 Qxa2 22. Rxa2 {[%emt 0:00:04] Strongly threatening Nf3.} Rxd4 23. Rxa6 {[%emt 0:00:03][%mdl 4096] Endgame [#] KRR-KRR} Rc4 $1 ({And not} 23... Rxe4 24. Rc1 $17) 24. Rb1 R8xc6 25. Rxc6 Rxc6 {[%emt 0:00:04] KR-KR} 26. f3 (26. Kf1 $17) 26... Rc4 $19 27. Kf2 h5 28. e5 g5 29. Ke3 Kg7 30. Kd3 Rh4 31. Rh1 Rf4 32. Ra1 g4 33. Ke3 Rc4 34. Ra7 e6 35. Rb7 Kg6 36. fxg4 hxg4 ({Black should try} 36... Rxg4 $19 37. Kf3 Rc4) 37. Kd3 $2 (37. g3 $1 $11) 37... Rf4 ({Better is} 37... Rc3+ 38. Ke4 b3) 38. g3 $17 {[%emt 0:00:44] [#]} Rf3+ (38... Rf2 $1 $17 {aiming for ...b3.} 39. Rxb4 Kf5) 39. Ke4 $1 $11 {[%emt 0:00:11] The position is equal.} b3 40. Rb8 $1 Rf2 {[%emt 0:01:16] White must now prevent ...b2.} 41. Rxb3 Rxh2 42. Kf4 Rh5 43. Re3 $1 {[%emt 0:00:00] Weighted Error Value: White=0.23 (precise) /Black=0.20 (precise)} 1/2-1/2

[Event "FRA-ch Teams Top 16-A 2022"]
[Site "Chartres"]
[Date "2022.06.10"]
[Round "2.12"]
[White "Bacrot, Etienne"]
[Black "Koch, Jean-Rene"]
[Result "1-0"]
[ECO "C42"]
[WhiteElo "2638"]
[BlackElo "2441"]
[Annotator "TA"]
[PlyCount "101"]
[EventDate "2022.06.09"]
[EventType "team-tourn"]
[EventCountry "FRA"]
[SourceTitle "playchess.com"]
[Source "ChessBase"]
[SourceQuality "1"]
[TimeControl "40/5400+30:1800+30"]

1. e4 e5 2. Nf3 Nf6 3. Nxe5 d6 4. Nf3 Nxe4 5. d4 d5 6. Bd3 Nc6 7. O-O Bg4 8. c4 Nf6 9. Nc3 Bxf3 10. Qxf3 Nxd4 11. Qh3 {[%emt 0:03:46] C42: Petroff Defence: 3 Nxe5 and unusual White 3rd moves.} dxc4 12. Bxc4 (12. Re1+ Be7 13. Bxc4 Nc2 $11) 12... Be7 13. Bg5 $1 {[%emt 0:02:03] This bishop pair is nice. White is slightly better.} O-O 14. Rfe1 $1 Qd6 {[%emt 0:43:23] [#]} 15. Rxe7 $1 Qxe7 16. Nd5 $1 Qe5 17. Bxf6 gxf6 18. Qh6 $1 {[%emt 0:01:14] Really sharp!} Nf3+ 19. gxf3 {[%emt 0:03:08] White threatens Kh1 and mate.} Qg5+ 20. Qxg5+ fxg5 {[%emt 0:00:02] [#]} 21. Re1 $146 ({Weaker is} 21. Nxc7 Rac8 22. Ne6 Rfe8 $17) ({Predecessor:} 21. b4 Rfd8 22. b5 Rd6 23. Ne3 Rad8 24. Rb1 Rb6 25. a4 Rbd6 26. Bf1 Rf6 27. Rc1 {1-0 (27) Schmielewski,F (2033)-Cook,P (2022) ICCF email 2015}) 21... c6 22. Ne7+ Kg7 23. Nf5+ $1 Kf6 24. Nd6 {[%emt 0:00:18] White is much more active.} b6 25. Ne4+ Kg6 26. Ng3 Rfe8 27. Bd3+ Kg7 28. Be4 Rad8 29. Nf5+ Kf6 30. Ne3 Rd2 31. Bxc6 Rc8 32. Bd5 Rc5 33. Bb3 h5 {[%emt 0:00:37] Against Ng4+} 34. Rb1 Kg6 35. Nf1 Rd3 {[%emt 0:00:41] [#]} 36. Kg2 $1 g4 (36... b5 $16) 37. Ne3 $18 {[%emt 0:13:36] aiming for Bc2.} f5 38. f4 Rd4 39. Kg3 h4+ 40. Kxh4 {[%emt 0:00:07] Threatens to win with Kg3.} Rxf4 41. Kg3 Rd4 (41... Kg5 $16 {keeps fighting.} 42. Rd1 Rf3+ 43. Kg2 f4) 42. Rd1 Rxd1 43. Bxd1 ({Don't play} 43. Nxd1 $6 Rc1 $16) 43... Kg5 {[%emt 0:00:43] [#]} (43... Rc1 {is a better defense.} 44. Kf4 Ra1) 44. h4+ $1 gxh3 {[%emt 0:00:16] Strongly threatening ...f4+.} 45. f4+ ({Not} 45. Kxh3 f4 46. Nc2 Rd5 $15) 45... Kf6 46. Kxh3 Rc1 47. a4 a6 $2 (47... Rc5 {was worth a try.} 48. Bc2 b5 49. axb5 Rxb5) 48. Kg3 {[%emt 0:00:00] White is clearly winning.} b5 49. axb5 axb5 50. Bc2 Re1 51. Kf3 {[%emt 0:00:00] Weighted Error Value: White=0.02 (flawless) /Black=0.18 (very precise)} 1-0

[Event "FRA-ch Teams Top 16-A 2022"]
[Site "Chartres"]
[Date "2022.06.10"]
[Round "2.13"]
[White "Pucher, Olivier"]
[Black "Naiditsch, Arkadij"]
[Result "0-1"]
[ECO "A27"]
[WhiteElo "2341"]
[BlackElo "2654"]
[Annotator "TA"]
[PlyCount "48"]
[EventDate "2022.06.09"]
[EventType "team-tourn"]
[EventCountry "FRA"]
[SourceTitle "playchess.com"]
[Source "ChessBase"]
[SourceQuality "1"]
[TimeControl "40/5400+30:1800+30"]

1. c4 e5 2. Nc3 Nc6 3. Nf3 g6 4. d4 exd4 5. Nxd4 Bg7 6. Nxc6 bxc6 7. g3 Rb8 8. Bg2 Ne7 9. O-O O-O 10. Qc2 Nf5 {[%emt 0:05:58] A27: English Opening: Three Knights Variation.} 11. Rd1 Nd4 {[%emt 0:12:07] [#]} 12. Qa4 $146 ({Predecessor:} 12. Qd2 c5 13. e3 Ne6 14. b3 Qf6 15. Bb2 d6 16. Rab1 Ng5 17. Nd5 Nf3+ 18. Kh1 Nxd2 19. Nxf6+ Bxf6 20. Rxd2 {0-1 (69) Chmiel,M (2076)-Kaczmarek,A (2179) Maslow Pierwszy 2014}) 12... Qe7 {[%emt 0:19:28] Black is slightly better.} 13. Rd2 Rb4 14. Qxa7 Rxc4 15. Qxc7 (15. e3 $142 Ne6 16. Rc2) 15... Qc5 $17 {[%emt 0:01:20] aiming for ...Be5. Black is clearly better.} 16. e3 Nf5 $36 {[%emt 0:22:12][%mdl 2048] Black has strong initiative.} (16... Nb5 17. Qa5 $11) 17. Rxd7 (17. Qb8 $17 {keeps fighting.}) 17... Be5 $19 ({Worse is} 17... Bxc3 18. bxc3 Bxd7 19. Qxd7 $11) 18. Qa7 {[%emt 0:00:21] Qxc5 is the strong threat.} Bxd7 ({Inferior is} 18... Bxc3 19. bxc3 Bxd7 20. Qxd7 $15) 19. Qxd7 {[%emt 0:00:14] [#]} Rb8 $1 ({And not} 19... Bxc3 20. bxc3 Rxc3 21. Bd2 $11) 20. Bd2 Rxb2 21. Ne4 {[%emt 0:00:31] [#]} Rxe4 {[%emt 0:02:28][%mdl 512] Dancing on a razor blade. Active counter play!} 22. Bxe4 {[%emt 0:00:32] [#]} Rxd2 $1 {[%emt 0:00:12][%mdl 576] Discovered Attack} 23. Qxd2 {[%emt 0:00:28] Strongly threatening Rc1.} Bxa1 24. Qd7 Ne7 {[%emt 0:01:12] Black took control after the opening.  Weighted Error Value: White=0.21 (precise) /Black=0.00 (flawless)} 0-1

[Event "FRA-ch Teams Top 16-A 2022"]
[Site "Chartres"]
[Date "2022.06.10"]
[Round "2.15"]
[White "Fardet, Elouan"]
[Black "Le Roux, Jean-Pierre"]
[Result "1-0"]
[ECO "B33"]
[WhiteElo "2180"]
[BlackElo "2513"]
[Annotator "TA"]
[PlyCount "96"]
[EventDate "2022.06.09"]
[EventType "team-tourn"]
[EventCountry "FRA"]
[SourceTitle "playchess.com"]
[Source "ChessBase"]
[SourceQuality "1"]
[TimeControl "40/5400+30:1800+30"]

1. e4 c5 2. Nf3 Nc6 3. d4 cxd4 4. Nxd4 Nf6 5. Nc3 h5 6. Bc4 {[%emt 0:22:17] White is more active. B33: Sicilian: Pelikan and Sveshnikov Variations.} g6 7. f3 Bg7 8. Be3 {[%emt 0:02:37] [#] White is slightly better.} O-O $146 ({Predecessor:} 8... d6 9. Qd2 Bd7 10. O-O-O a6 11. Kb1 Na5 12. Bb3 b5 13. h3 Nxb3 14. Nxb3 a5 15. Nd5 Nxd5 16. exd5 a4 17. Nd4 a3 18. b3 {0-1 (65) Coman,L (1810)-Turcu,I (2086) Targu Mures 2014}) 9. Qd2 d6 10. O-O-O Bd7 11. Kb1 Rc8 12. Bb3 Ne5 13. Bh6 Nc4 14. Qg5 (14. Bxc4 $5 Bxh6 15. Qxh6 (15. Bxf7+ $2 Kg7 $19) 15... Rxc4 16. Nce2 $14) 14... Rc5 15. Qc1 (15. Nf5 {keeps more tension.} Bxf5 16. Bxc4 Be6 17. Qxc5 dxc5 18. Bxg7 Bxc4 19. Rxd8 Rxd8 20. Bxf6 exf6 21. Rd1) 15... b5 (15... Na3+ {is interesting.} 16. Ka1 b5 17. Bxg7 Kxg7 18. Qd2 b4) 16. Ncxb5 Bxb5 $15 (16... Nxb2 {with more complications.} 17. Bxg7 Kxg7 18. Qxb2 Bxb5 19. Nxb5 Rxb5 20. c4 Rc5) 17. Nxb5 Nxb2 $1 18. Bxg7 Kxg7 19. Qxb2 Rxb5 20. e5 Rxe5 21. Qxe5 dxe5 22. Rxd8 Rxd8 $17 {[%emt 0:00:01][%mdl 4096] Endgame KRB-KRN} 23. Re1 Nd7 24. Rd1 Kf6 25. Kc1 e6 26. Rd6 Ke7 27. Ra6 Ra8 28. Kd2 Kd8 ({Better is} 28... Nb8 $17 29. Ra5 Nc6) 29. Ke3 Kc7 30. Ba4 Nb6 {[%emt 0:00:25] [#] Threatens to win with ...Kb7.} 31. Bb3 Kd6 (31... Kb7 $17 32. Ra5 Nd7) 32. c3 Kc6 {[%emt 0:00:57] White must now prevent ...Kb5.} 33. Ra5 Kd6 34. Ra6 h4 35. c4 Kc7 36. Ke4 (36. Kf2 $17 {was necessary.}) 36... Nd7 $19 {[%emt 0:00:10] [#] And now ...Nc5+ would win.} 37. Ra5 {[%emt 0:00:01] Against Nc5+} a6 (37... Kb6 $19 38. Rb5+ Kc6) 38. f4 $2 {[%emt 0:01:00] Now White is beyond hope.} (38. c5 $17 {was forced.}) 38... Kb6 39. Ra3 f5+ 40. Ke3 Rc8 41. fxe5 Nxe5 42. Kd4 (42. c5+ $142 Rxc5 43. Bxe6) 42... Nc6+ 43. Ke3 e5 44. c5+ Kb5 ({Don't blunder} 44... Kxc5 $2 45. Bf7) 45. Bc2 Kxc5 46. Bd3 a5 47. Rc3+ Kd6 48. Bb5 Ne7 {[%emt 0:00:00][%mdl 32768] Weighted Error Value: White=0.27 (precise) /Black=0.16 (very precise) . Loss on time!?} 1-0

[Event "FRA-ch Teams Top 16-A 2022"]
[Site "Chartres"]
[Date "2022.06.10"]
[Round "2.16"]
[White "Bellahcene, Bilel"]
[Black "Rouzes, Sibylle-Anne"]
[Result "1-0"]
[ECO "B18"]
[WhiteElo "2521"]
[BlackElo "1580"]
[Annotator "TA"]
[PlyCount "55"]
[EventDate "2022.06.09"]
[EventType "team-tourn"]
[EventCountry "FRA"]
[SourceTitle "playchess.com"]
[Source "ChessBase"]
[SourceQuality "1"]
[TimeControl "40/5400+30:1800+30"]

1. e4 c6 2. d4 d5 3. Nc3 dxe4 4. Nxe4 Bf5 5. Ng3 Bg6 6. Bc4 e6 7. N1e2 Nf6 8. h4 {[%emt 1:31:38][%cal Bh2h4,Bh4h5,Bh5h6][%mdl 32] [#] B18: Classical Caro-Kann: 4...Bf5 sidelines.} Qa5+ $146 (8... h6 $1 $11) ({Predecessor:} 8... h6 9. Nf4 Bh7 10. c3 Nbd7 11. Qf3 Bd6 12. Nfh5 O-O 13. Be3 Bg6 14. O-O-O Bxg3 15. Nxg3 b5 16. Bb3 a5 17. h5 Bh7 18. Bc2 Bxc2 19. Kxc2 {0-1 (52) Iordachescu,V (2597)-Nisipeanu,L (2674) Bucharest 2018}) 9. Bd2 Bb4 10. c3 {[%emt 0:00:00] White is slightly better.} Bd6 11. b4 (11. h5 $1 $14 Be4 12. Qb3) 11... Qc7 $11 12. h5 Be4 13. Nxe4 Nxe4 14. Be3 Nd7 15. a4 Nb6 {[%emt 0:12:20] Pair of Knights!} 16. Bd3 $36 {[%emt 0:00:00][%mdl 2048] White has some pressure.} Nf6 17. h6 g6 18. Bg5 Nfd5 19. g3 f6 ({Black should try} 19... O-O $14) 20. Bd2 Nd7 21. Qb3 Bf8 (21... Qd8 $142 22. c4 Nc7) 22. c4 $18 Ne7 {[%emt 0:00:25] [#]} 23. Nf4 $1 e5 24. Ne6 Qc8 25. d5 cxd5 $2 (25... c5 26. Rb1 Ng8) 26. cxd5 {[%emt 0:00:00] White is clearly winning.} Nb6 27. Rc1 Qd7 28. Bb5 {[%emt 0:00:00] Weighted Error Value: White=0.10 (very precise) /Black=0.36} 1-0

[Event "FRA-ch Teams Top 16-A 2022"]
[Site "Chartres"]
[Date "2022.06.10"]
[Round "2.17"]
[White "Alonso Rosell, Alvar"]
[Black "Dourerassou, Jonathan"]
[Result "1-0"]
[ECO "E06"]
[WhiteElo "2557"]
[BlackElo "2446"]
[Annotator "TA"]
[PlyCount "67"]
[EventDate "2022.06.09"]
[EventType "team-tourn"]
[EventCountry "FRA"]
[SourceTitle "playchess.com"]
[Source "ChessBase"]
[SourceQuality "1"]
[TimeControl "40/5400+30:1800+30"]

1. d4 d5 2. c4 e6 3. Nf3 Nf6 4. g3 Be7 5. Bg2 O-O 6. Qc2 Nc6 7. a3 {[%emt 0:41:28] E06: Closed Catalan: Early deviations.} dxc4 8. Qxc4 Qd5 9. Nbd2 {[%emt 0:00:38] White is slightly better.} Rd8 10. e3 {[%emt 0:00:42][%cal Be2e3,Be3e4,Be4e5][%mdl 32] [#]} Qh5 $146 ({Predecessor:} 10... a5 11. O-O a4 12. Qc2 Qf5 13. Qd1 Qb5 14. Nb1 e5 15. Nc3 Qa5 16. Qe1 exd4 17. Nxd4 {½-½ (31) Chernin,A (2615)-Speelman,J (2600) New York 1994}) 11. h3 (11. b4 $5 ) 11... Bd6 12. Qe2 (12. b4 $14) 12... Bd7 (12... e5 $1 $11) 13. e4 $14 {[%emt 0:09:32] Hoping for e5.} Bf8 14. O-O Qa5 15. Rd1 ({White should play} 15. Qd3 $14) 15... Qa4 $11 16. e5 Nd5 17. Ne4 Na5 {[%emt 0:00:22] [#]} (17... h6 $11) 18. Nfg5 $1 $16 h6 {[%emt 0:01:28] [#]} (18... f6 $2 19. exf6 gxf6 20. Nc5 Bxc5 21. dxc5 $18) 19. Nxf7 {[%emt 0:00:25] White is more active.} Kxf7 20. Bxh6 $1 Be8 {[%emt 0:11:48] Black cannot hold the game after this.} (20... gxh6 $16 21. Qh5+ Ke7 22. Qh4+ Kf7) 21. Bg5 Kg8 $2 (21... Rd7 {might work better.}) 22. Bxd8 $18 Rxd8 23. b4 Nb3 24. Rab1 ({Less strong is} 24. Ra2 Be7 $16) 24... Nxd4 25. Rxd4 Nf4 (25... Bg6 $142 26. Rbd1 Qe8) 26. Nf6+ gxf6 27. Qg4+ Ng6 28. Rxd8 f5 29. Qg5 {[%emt 0:00:17] Threatens to win with Rc1.} Kh7 30. b5 Bxb5 {[%emt 0:00:56] [#]} 31. Rxf8 $1 Nxf8 32. Rb4 Qd1+ 33. Kh2 Ng6 34. Rxb5 {[%emt 0:00:06] Weighted Error Value: White=0.15 (very precise) /Black=0.71} 1-0

[Event "FRA-ch Teams Top 16-A 2022"]
[Site "Chartres"]
[Date "2022.06.10"]
[Round "2.18"]
[White "Sochacki, Christophe"]
[Black "Relange, Eloi"]
[Result "1/2-1/2"]
[ECO "C41"]
[WhiteElo "2493"]
[BlackElo "2456"]
[Annotator "TA"]
[PlyCount "118"]
[EventDate "2022.06.09"]
[EventType "team-tourn"]
[EventCountry "FRA"]
[SourceTitle "playchess.com"]
[Source "ChessBase"]
[SourceQuality "1"]
[TimeControl "40/5400+30:1800+30"]

1. e4 d6 2. d4 Nf6 3. Nc3 e5 4. Nf3 Nbd7 5. h3 g6 6. Bg5 {[%emt 0:12:32] Threatens to win with dxe5. C41: Philidor Defence.} Bg7 {[%emt 0:10:40] [#]} 7. Nxe5 $146 ({Predecessor:} 7. dxe5 dxe5 8. Qd2 c6 9. O-O-O Qe7 10. g4 O-O 11. Qd6 Qxd6 12. Rxd6 Re8 13. a4 {0-1 (34) Mendivil Anton,D (2271)-Strikovic,A (2551) El Sauzal 2007}) 7... h6 8. Bxf6 {[%emt 0:05:59] White is much more active. The black rooks are badly placed. White is better.} Nxf6 9. Nf3 O-O 10. Bd3 c5 11. dxc5 dxc5 12. Qd2 Be6 13. O-O c4 14. Be2 Qb6 15. a4 (15. Rad1 {looks sharper.} Nh5 16. e5 Ng3 17. Rfe1) 15... Rad8 16. Qc1 Rfe8 17. Re1 Nd7 18. a5 Qb4 19. Ra4 Qc5 20. Bf1 Qc6 21. Rb4 Qc7 (21... b6 {keeps more tension.} 22. Nd5 b5 23. b3 cxb3 24. Bxb5 Qxc2 25. Qxc2 bxc2 26. Rc1 Bxd5 27. exd5 Rb8) 22. Nd5 {[%emt 0:00:00] Pair of Knights!} Qxa5 23. Rxb7 Bxd5 24. exd5 Rxe1 25. Qxe1 Qxe1 ({Weaker is} 25... Qxd5 26. Rxa7 Bxb2 27. c3 $16) 26. Nxe1 Nb6 27. Rxa7 Rxd5 28. Rb7 Rd1 29. Rb8+ Kh7 30. Rxb6 Rxe1 $16 {[%emt 0:00:06][%mdl 4096] Endgame KRB-KRB} 31. Rb7 Rb1 32. b4 c3 33. b5 Rc1 34. Rxf7 {[%emt 0:00:14] Hoping for b6.} Rxc2 35. Rc7 (35. b6 {with more complications.} Rb2 36. b7 Kg8 37. Rc7) 35... h5 36. g4 hxg4 37. hxg4 Kh8 38. b6 ({Better is} 38. Bd3 $16 Rd2 {[#]} 39. b6 $1 (39. Bxg6 Bd4 $11)) 38... Rb2 39. b7 Be5 40. Rc5 c2 {[%emt 0:00:30] White must now prevent ...Bf4.} 41. Kg2 Rxb7 {[%emt 0:13:05] And now ...Rc7 would win.} (41... Bf4 {feels hotter.} 42. b8=R+ Bxb8 43. Bd3 Rb4) 42. Rxc2 Rb2 43. Rc8+ Kg7 44. Bd3 g5 45. Kf3 Bf4 46. Re8 Kf6 47. Re1 Be5 48. Rh1 Bf4 49. Bf5 Kf7 50. Rf1 Kf6 51. Ke4 Rb4+ 52. Kd5 Rb5+ 53. Kc6 Rb2 54. f3 Rd2 55. Rh1 Kf7 56. Rh7+ Kf6 57. Be4 Rd6+ 58. Kc5 Rd1 59. Rh6+ Ke7 {[%emt 0:00:00] Weighted Error Value: White=0.08 (flawless) /Black=0.05 (flawless)} 1/2-1/2

[Event "FRA-ch Teams Top 16-A 2022"]
[Site "Chartres"]
[Date "2022.06.10"]
[Round "2.19"]
[White "Song, Julien"]
[Black "Sochacki, Wojtek"]
[Result "1/2-1/2"]
[ECO "D27"]
[WhiteElo "2388"]
[BlackElo "2324"]
[Annotator "TA"]
[PlyCount "88"]
[EventDate "2022.06.09"]
[EventType "team-tourn"]
[EventCountry "FRA"]
[SourceTitle "playchess.com"]
[Source "ChessBase"]
[SourceQuality "1"]
[TimeControl "40/5400+30:1800+30"]

1. d4 d5 2. c4 dxc4 3. Nf3 Nf6 4. e3 e6 5. Bxc4 a6 6. O-O c5 7. dxc5 Bxc5 8. Qxd8+ Kxd8 9. Ne5 {[%emt 0:06:15] D27: Queen's Gambit Accepted: Classical main line: 7 e4!? and 7 a4.} Ke8 {[%emt 0:16:36] [#]} 10. Be2 $146 ({Predecessor:} 10. b3 Nbd7 11. Ba3 Bxa3 12. Nxd7 Bb2 13. Nb6 Rb8 14. Nc3 Bxc3 15. Rac1 Ba5 16. Nxc8 Rxc8 17. Bb5+ Ke7 18. Rxc8 Rxc8 19. Bd3 Bd2 20. Bc4 b5 21. Rd1 bxc4 22. Rxd2 cxb3 23. axb3 Rc1+ {0-1 (23) Karlsson,R (1152)-Arnold,L (1142) IECC email 1998}) 10... Nbd7 11. Nd3 {[%emt 0:02:23] White is better.} Be7 12. Bd2 Ne4 13. Rc1 Nxd2 14. Nxd2 Rb8 15. Nb3 (15. Rc7 $14) 15... Bd6 $11 16. Rc2 Nb6 17. Bf3 Ke7 18. Ndc5 Nd7 19. Ne4 {[%emt 0:01:49] Pair of Knights!} Be5 20. Na5 f5 21. Nd2 Rd8 22. Rac1 Nb6 23. Ndb3 Na4 24. Nd4 Bxd4 25. exd4 {[%emt 0:00:03] Black must now prevent Nc4.} (25. Rc7+ {with more complications.} Kf6 26. exd4 Nb6 27. Rd1) 25... Nb6 26. Rc7+ Rd7 27. b3 {[%emt 0:01:17] White is much more active. The black rooks are badly placed.} Kd8 28. Rxd7+ Kxd7 29. Kf1 Nd5 30. Bxd5 (30. Ke2 $16) 30... exd5 $16 {[%emt 0:00:03][%mdl 4096] Endgame KRB-KRN} 31. h4 Kd6 32. b4 Bd7 33. f3 b6 34. Nb3 Bb5+ 35. Kf2 Re8 {[%emt 0:01:46] [#] ...Re2+ is the strong threat.} 36. Rc2 {[%emt 0:00:16] Prevents Re2+.} Bd3 (36... f4 $17) 37. Rd2 $1 $15 Bc4 {[%emt 0:00:06] Hoping for ...Kc6.} 38. Nc1 $1 Kc6 {[%emt 0:01:44] aiming for ...Kb5.} 39. a4 a5 {[%emt 0:00:52] The position is equal.} 40. bxa5 bxa5 41. Rb2 {[%emt 0:10:53] Inhibits Rb8.} Kc7 42. g3 g6 43. Ne2 Bxe2 44. Rxe2 Rxe2+ {[%emt 0:00:07] Weighted Error Value: White=0.14 (very precise) /Black=0.11 (very precise)} 1/2-1/2

[Event "FRA-ch Teams Top 16-A 2022"]
[Site "Chartres"]
[Date "2022.06.10"]
[Round "2.20"]
[White "Eden, James"]
[Black "Sohier, Julien"]
[Result "1-0"]
[ECO "C54"]
[WhiteElo "2273"]
[BlackElo "2218"]
[Annotator "TA"]
[PlyCount "99"]
[EventDate "2022.06.09"]
[EventType "team-tourn"]
[EventCountry "FRA"]
[SourceTitle "playchess.com"]
[Source "ChessBase"]
[SourceQuality "1"]
[TimeControl "40/5400+30:1800+30"]

1. e4 e5 2. Nf3 Nc6 3. Bc4 Bc5 4. c3 Nf6 5. d3 O-O 6. O-O d5 7. exd5 Nxd5 8. Re1 Bg4 9. Nbd2 {[%emt 0:00:30] C54: Giuoco Piano: 4 c3 Nf6, main lines with 5 d4 and 5 d3.} Nb6 10. h3 Bh5 11. Bb3 $1 {[%emt 0:00:21][%mdl 4] The position is equal. is more profitable than 11.Bb5 at the moment.} Qxd3 12. Nxe5 Qf5 13. Nef3 $1 ({Avoid the trap} 13. Ndf3 $2 Nxe5 14. Rxe5 Qxe5 15. Nxe5 Bxd1 16. Bxd1 Rfe8 $19) 13... Rad8 14. Qe2 Qc8 15. Ne4 $36 {[%emt 0:01:33][%mdl 2048] White has good play.} Rfe8 16. Bf4 {[%emt 0:00:18] [#] Prevents Ne5.} Bg6 $146 ({Predecessor:} 16... Na5 17. Bc2 f5 18. Qb5 fxe4 19. Qxa5 exf3 20. Qxc5 Bf7 21. Re7 Nd5 22. Rxe8+ Rxe8 {½-½ (34) Anupam,M (1653)-Ishvi,A (1681) Pollachi 2022}) 17. Nfg5 Bf8 18. h4 {[%emt 0:01:47] Threatens to win with h5.} Na5 {[%emt 0:04:37] [#]} (18... Re7 $14) 19. Bxf7+ $1 Bxf7 20. Nxf7 Kxf7 21. Qh5+ Kg8 22. Qxa5 {[%emt 0:00:49] White is more active.} Nd5 (22... c5 $16) 23. Bg5 Ne7 (23... Rd7 {was necessary.} 24. Qxa7 h6) 24. Qxa7 $18 h6 25. Bxe7 Bxe7 26. g3 Rd3 27. Qa4 {[%emt 0:01:41] Qc4+ is the strong threat.} Red8 28. Rad1 Rxd1 29. Rxd1 Bxh4 (29... Rxd1+ {was worth a try.} 30. Qxd1 Qe6) 30. Rxd8+ (30. Qb3+ Kh7 31. Rxd8 Bxd8 $18) 30... Bxd8 {[%emt 0:00:17][%mdl 4096] Endgame KQB-KQN} 31. Qe8+ Kh7 32. f3 c6 {[%emt 0:02:32] Hoping for ...Bb6+.} 33. Kg2 Qc7 34. b4 Qe7 35. Qh5 Qe6 36. a4 Qa2+ (36... b6 $142 37. Kg1 Qd7) 37. Kh3 Qe6+ 38. Qg4 Qd5 39. Nc5 b6 (39... Be7 $142 40. c4 (40. Nxb7 g6 $16) 40... Qd6 41. Qf5+ (41. Nxb7 Qxb4 42. Qf5+ Kg8 $16) (41. Ne6 g6 $16) 41... Kg8 42. Nxb7 Qxb4) 40. Ne6 Bf6 41. c4 Qd3 {[%emt 0:06:18] [#]} (41... Qd1 42. Qe4+ Kh8) 42. Qe4+ $1 {[%emt 0:00:00] White is clearly winning.} Qxe4 43. fxe4 {[%emt 0:00:00] KB-KN} Bc3 44. c5 bxc5 45. bxc5 {[%emt 0:00:00] And now Nd8 would win.} Bb4 46. Nd4 Bxc5 47. Nxc6 Kg6 48. a5 Kf6 49. a6 g5 50. Kg4 {[%emt 0:00:00] Weighted Error Value: White=0.15 (very precise) /Black=0.33} 1-0